 Dungeon Crawl Stone Soup version 0.19.1 (webtiles) character file.

290 dvd the Bolt Thrower (level 6, -1/37 HPs)
             Began as a Kobold Hunter on Dec 11, 2016.
             Slain by XO4YCPATb's ghost (2 damage)
             ... on level 5 of the Dungeon.
             The game lasted 00:09:07 (2888 turns).

dvd the Bolt Thrower (Kobold Hunter)                Turns: 2888, Time: 00:09:08

Health: -1/37      AC:  6    Str: 11 (12) XL:     6   Next: 58%
Magic:  6/6        EV: 16    Int: 11 (12) God:
Gold:   70         SH:  0    Dex: 14 (15) Spells: 0 memorised, 5 levels left

rFire  + . .     SeeInvis .     b - +0 short sword
rCold  . . .     Gourm    .     x - +2 robe {rF+}
rNeg   . . .     Faith    .     (shield restricted)
rPois  .         Spirit   .     (no helmet)
rElec  .         Reflect  .     p - +0 cloak
rCorr  .         Harm     .     r - +0 pair of gloves
MR     .....     Rnd*Tele +     (no boots)
Stlth  ++........               (no amulet)
                                (no ring)
                                v - ring of teleportation (curse)

@: no status effects
A: carnivore 3
a: no special abilities


You were on level 5 of the Dungeon.
You were very full.

You visited 1 branch of the dungeon, and saw 4 of its levels.

You collected 70 gold pieces.

Inventory:

Hand Weapons
 a - a +1 hand crossbow
 b - a +0 short sword (weapon)
 o - a +4 quarterstaff of chaos
Missiles
 u - 10 bolts
Armour
 p - a +0 cloak (worn)
 r - a +0 pair of gloves (worn)
 x - a +2 robe of fire resistance (worn)
Jewellery
 v - a cursed ring of teleportation (left hand)
Scrolls
 c - a scroll of remove curse {unknown}
 h - 2 scrolls of identify {unknown}
 i - a scroll of teleportation {unknown}
 j - a scroll of magic mapping {unknown}
 w - a scroll of amnesia {unknown}
Potions
 d - 2 potions of curing {unknown}
 e - a potion of might {unknown}
 g - 2 potions of haste {unknown}
 k - 2 potions of degeneration
 l - a potion of agility {unknown}
 m - a potion of invisibility {unknown}
 n - a potion of experience {unknown}
 q - a potion of heal wounds {unknown}
Comestibles
 f - a meat ration
 s - a slice of pizza
 t - 3 chunks of flesh


   Skills:
 + Level 3.4 Fighting
 + Level 2.6 Short Blades
 + Level 6.9 Crossbows
 + Level 1.4 Armour
 + Level 3.2 Dodging
 + Level 2.1 Stealth


You had 5 spell levels left.
You didn't know any spells.

Dungeon Overview and Level Annotations

Branches:
Dungeon (3/15)

Altars:
Elyvilon

Annotations:
D:5 XO4YCPATb's ghost, novice KoGl


Innate Abilities, Weirdness & Mutations

You are small and have problems with some larger weapons.
You are carnivorous and can eat meat at any time.


Message History

Beogh smites you! The leopard gecko closely misses you.
The orc priest calls down the wrath of Beogh upon you.
Beogh smites you!
* * * LOW HITPOINT WARNING * * *
The orc wizard mumbles some strange words.
The orc wizard seems to speed up.
The sky beast flickers out of sight!
Deactivating autopickup; reactivate with Ctrl-A.
The orc wizard gestures at you while chanting.
You resist with some effort.
The orc wizard gestures wildly while chanting.
A sky beast appears from thin air!
Reactivating autopickup.
The orc priest invokes the aid of Beogh against you.
Beogh smites you!
* * * LOW HITPOINT WARNING * * *
It was a potion of degeneration.
There was something very wrong with that liquid.
You feel weakened.
You feel dopey.
You feel clumsy. The leopard gecko barely misses you.
XO4YCPATb's ghost hits you.
You die...

### ## ..##.###
#......##
##.......##
#.........##
#...@......#
#..lWo......
#...Y........
#..oo.........
#..ยงยง..........
#..............
##o.o..........
#..o..........
#.............


You could see a sky beast, 2 orc priests, 2 orc wizards, XO4YCPATb's ghost, 2
orcs and a leopard gecko.

Vanquished Creatures
  Crazy Yiuf (D:2)
  Jessica (D:2)
  Ijyb (D:2)
  Natasha (thrice) (D:2)
  5 adders
  An ooze (D:2)
  A worm (D:2)
  2 dart slugs
  A leopard gecko (D:1)
  2 orcs
  3 ball pythons
  8 giant cockroaches
  12 goblins
  5 hobgoblins
  6 jackals (D:2)
  3 kobolds
  3 quokkas (D:2)
  11 bats
  A frilled lizard (D:2)
  6 rats
76 creatures vanquished.

Notes
Turn   | Place    | Note
-------+----------+-------------------------------------------
     0 | D:1      | dvd the Kobold Hunter began the quest for the Orb.
     0 | D:1      | Reached XP level 1. HP: 12/12 MP: 1/1
    89 | D:1      | Reached skill level 5 in Crossbows
   134 | D:1      | Reached XP level 2. HP: 17/17 MP: 2/2
   659 | D:1      | Reached XP level 3. HP: 12/21 MP: 3/3
  1035 | D:2      | Found a runed door.
  1039 | D:2      | Noticed Crazy Yiuf
  1043 | D:2      | Killed Crazy Yiuf
  1043 | D:2      | Reached XP level 4. HP: 22/27 MP: 4/4
  1111 | D:2      | Reached skill level 6 in Crossbows
  1498 | D:2      | Reached XP level 5. HP: 32/32 MP: 5/5
  1517 | D:2      | Found a white marble altar of Elyvilon.
  1644 | D:2      | Reached skill level 1 in Short Blades
  1706 | D:2      | Reached skill level 1 in Armour
  1812 | D:2      | Noticed Ijyb
  1828 | D:2      | Killed Ijyb
  1969 | D:2      | Noticed Natasha
  1979 | D:2      | Killed Natasha
  2138 | D:2      | Noticed Natasha
  2168 | D:2      | Killed Natasha
  2168 | D:2      | Reached XP level 6. HP: 30/37 MP: 6/6
  2269 | D:2      | Noticed Jessica
  2284 | D:2      | Killed Jessica
  2419 | D:2      | Noticed Natasha
  2422 | D:2      | Killed Natasha
  2876 | D:3      | You fall through a shaft for 2 floors!
  2876 | D:5      | Entered Level 5 of the Dungeon
  2876 | D:5      | Noticed a sky beast
  2877 | D:5      | Noticed XO4YCPATb's ghost (novice KoGl)
  2887 | D:5      | HP: 1/37 [orc priest/divine providence (9)]
  2888 | D:5      | Slain by XO4YCPATb's ghost

Skill      XL: |  1  2  3  4  5  6 |
---------------+-------------------+-----
Crossbows      | 5 6 |  6.9
Stealth        | 2 |  2.1
Short Blades   | 1 2 |  2.6
Armour         | 1 |  1.4
Fighting       | 3 |  3.4
Dodging        | 3 |  3.2

Action                   |  1- 3 |  4- 6 || total
-------------------------+-------+-------++-------
Melee: Short sword       |    18 |   141 ||   159
 Fire: Hand crossbow     |    49 |    95 ||   144
  Use: Potion            |       |     1 ||     1
 Stab: Sleeping          |     1 |     2 ||     3
  Eat: Chunk             |     9 |     5 ||    14
Armor: Leather armour    |     1 |       ||     1
       Ring mail         |     4 |    34 ||    38
       Robe              |       |    16 ||    16
Dodge: Dodged            |    29 |   149 ||   178
